 Dungeon Crawl Stone Soup version 0.19.4-12-gccf7e64 (webtiles) character file.

63 Rrauwl the Firebug (level 4, -3/35 HPs)
             Began as a Hill Orc Fire Elementalist on Feb 27, 2017.
             Slain by Natasha (9 damage)
             ... on level 3 of the Dungeon.
             The game lasted 00:09:48 (1617 turns).

Rrauwl the Firebug (Hill Orc Fire Elementalist)     Turns: 1617, Time: 00:09:50

Health: -3/35      AC:  3    Str: 11    XL:     4   Next: 10%
Magic:  0/6        EV: 12    Int: 15    God:
Gold:   110        SH:  0    Dex: 11    Spells: 1 memorised, 5 levels left

rFire  . . .     SeeInvis .     g - +0 short sword
rCold  . . .     Gourm    .     a - +0 robe
rNeg   . . .     Faith    +     (no shield)
rPois  .         Spirit   .     (no helmet)
rElec  .         Reflect  .     d - +0 cloak
rCorr  .         Harm     .     (no gloves)
MR     .....                    (no boots)
Stlth  ++........               h - amulet of faith
                                (no ring)
                                (no ring)

@: no status effects
A: no striking features
a: no special abilities


You were on level 3 of the Dungeon.
You were not hungry.

You visited 1 branch of the dungeon, and saw 3 of its levels.

You collected 110 gold pieces.

Inventory:

Hand Weapons
 g - a +0 short sword (weapon)
Armour
 a - a +0 robe (worn)
 d - a +0 cloak (worn)
Jewellery
 h - an amulet of faith (around neck)
Scrolls
 e - a scroll of enchant weapon {unknown}
 i - a scroll of remove curse {unknown}
 j - a scroll of fog {unknown}
 k - a scroll of identify {unknown}
 l - a scroll of blinking {unknown}
Books
 b - a book of Flames

   Spells                             Type                      Level
   a - Flame Tongue                   Conjuration/Fire             1
   b - Throw Flame                    Conjuration/Fire             2
   c - Conjure Flame                  Conjuration/Fire             3
   d - Inner Flame                    Hexes/Fire                   3
   e - Sticky Flame                   Conjuration/Fire             4
   f - Fireball                       Conjuration/Fire             5
Comestibles
 c - 3 bread rations
 m - 2 chunks of flesh


   Skills:
 + Level 1.6 Fighting
 + Level 1.7 Dodging
 + Level 2.0 Stealth
 + Level 1.9 Spellcasting
 + Level 1.8 Conjurations
 + Level 3.8 Fire Magic


You had 5 spell levels left.
You knew the following spells:

 Your Spells              Type           Power        Failure   Level  Hunger
a - Flame Tongue          Conj/Fire      ##...        10%         1    ##.....


Dungeon Overview and Level Annotations

Branches:
Dungeon (3/15)

Altars:
Fedhas
Kikubaaqudgha
Yredelemnul
The Shining One

Annotations:
D:3 Jessica, Natasha


Message History

Aim: Natasha (moderately wounded)
The flame tongue hits Natasha.
Natasha is heavily wounded.
The crimson imp closely misses you.
Natasha stares at you and mumbles some strange words.
You feel as though you will be slow longer.
It was a potion of cancellation.
Your magical effects are unravelling.
You feel magically purged.
Your magical contamination has completely faded away.
You feel yourself speed up. The crimson imp barely misses you.
Natasha closely misses you. The crimson imp misses you. Natasha misses you.
You closely miss Natasha.
Natasha is heavily wounded.
The crimson imp grins evilly.
The crimson imp hits you.
* * * LOW HITPOINT WARNING * * *
Natasha claws you!
You die...

.##.....##.##
....[...)..
.........### #[
#............ ...
#..#........##..
####..#
...............
......#
#....h†5##..####
......#
#@.........
......
#........#. ....#
# #..........
....#....
#..........
.<.S@....
##..........
....##.#.
##.....####.
.....# #..)...[#
##.#.#
###.......####.
.#...
.................


You could see Natasha and a crimson imp.

Vanquished Creatures
  3 adders
  An ooze (D:1)
  A dart slug (D:2)
  4 bats
  A giant cockroach (D:1)
  3 goblins
  3 hobgoblins
  2 jackals (D:2)
  A quokka (D:2)
  7 frilled lizards
  A kobold (D:1)
  7 rats
34 creatures vanquished.

Notes
Turn   | Place    | Note
-------+----------+-------------------------------------------
     0 | D:1      | Rrauwl the Hill Orc Fire Elementalist began the quest for the Orb.
     0 | D:1      | Reached XP level 1. HP: 14/14 MP: 3/3
   342 | D:1      | Reached XP level 2. HP: 17/22 MP: 4/4
   350 | D:1      | Reached skill level 1 in Fighting
   751 | D:2      | Reached XP level 3. HP: 28/28 MP: 1/5
   844 | D:2      | Found an ancient bone altar of Kikubaaqudgha.
  1005 | D:2      | Found a glowing golden altar of the Shining One.
  1009 | D:2      | Found a blossoming altar of Fedhas.
  1011 | D:2      | Found a basalt altar of Yredelemnul.
  1542 | D:3      | Noticed Jessica
  1589 | D:3      | Reached XP level 4. HP: 10/35 MP: 0/6
  1602 | D:3      | Noticed Natasha
  1617 | D:3      | Slain by Natasha

Skill      XL: |  1  2  3  4 |
---------------+-------------+-----
Fighting       | 1 |  1.6
Stealth        | 2 |  2.0
Dodging        | |  1.7
Spellcasting   | |  1.9
Conjurations   | |  1.8
Fire Magic     | |  3.8

Action                   |  1- 3 |  4- 6 || total
-------------------------+-------+-------++-------
Melee: Short sword       |   112 |    13 ||   125
 Cast: Flame Tongue      |    24 |     3 ||    27
  Use: Potion            |     3 |     2 ||     5
 Stab: Sleeping          |     1 |       ||     1
  Eat: Chunk             |     3 |       ||     3
Armor: Robe              |    37 |     2 ||    39
       Skin              |    25 |       ||    25
Dodge: Dodged            |    91 |    13 ||   104
